 Dungeon Crawl Stone Soup version 0.31-a0-771-g505c3d19dc (webtiles) character file.

Game seed: 14005329525980326861

176 cforsyth the Trooper (level 5, -4/42 HPs)
             Began as a Djinni Delver on Sept 16, 2023.
             Slain by a scorpion (5 damage)
             ... on level 4 of the Dungeon.
             The game lasted 00:02:07 (1079 turns).

cforsyth the Trooper (Djinni Delver)                Turns: 1079, Time: 00:02:08

Health: -4/42      AC:  3    Str: 11    XL:     5   Next: 86%
Gold:   22         EV: 12    Int: 13    God:
                   SH:  0    Dex: 15

rFire   + + .        a - +0 falchion
rCold   x . .        (no shield)
rNeg    . . .        b - +0 leather armour
rPois   ∞            (no helmet)
rElec   .            (no cloak)
rCorr   .            (no gloves)
SInv    .            (boots unavailable)
Will    .....        (no amulet)
Stlth   ++           (no ring)
HPRegen 0.27/turn    (no ring)
MPRegen 0.00/turn

%: infuse magic (-5 HP)
@: weak-willed, flying
A: sickness immunity, fire resistance 2, cold vulnerability 1, float, innate
caster, HP casting, extra vitality 1
a: no special abilities


You were on level 4 of the Dungeon.
You visited 1 branch of the dungeon, and saw 2 of its levels.

You collected 22 gold pieces.

Inventory:

Hand Weapons
 a - a +0 falchion (weapon)
Armour
 b - a +0 leather armour (worn)
Wands
 g - a wand of digging (3)
Scrolls
 c - a scroll of fog
 d - a scroll of revelation
 e - a scroll of fear
Potions
 f - a potion of haste


   Skills:
 + Level 4.7 Fighting
 - Level 1.7 Long Blades
 - Level 2.1 Dodging
 - Level 4.1 Stealth
 + Level 2.5 Spellcasting
 + Level 2.5 Conjurations
 + Level 2.5 Hexes
   Level 0.0 Charms
 + Level 2.5 Summonings
 + Level 2.5 Necromancy
 + Level 2.5 Translocations
 + Level 2.5 Transmutations
 + Level 2.5 Fire Magic
 + Level 2.5 Ice Magic
 + Level 2.5 Air Magic
 + Level 2.5 Earth Magic
 + Level 2.5 Poison Magic


You knew the following spells:

 Your Spells              Type           Power      Damage    Failure   Level
a - Freeze                Ice            32%        1d5       12%         1
b - Jinxbite              Hex            16%        N/A       17%         2
Your spell library was empty.

Dungeon Overview and Level Annotations

Branches:
Dungeon (5/15)
 Temple: D:4-7

Altars:
Okawaru

Annotations:
D:5 Pikel


Innate Abilities, Weirdness & Mutations

You are immune to sickness and miasma.
You are immune to poison.
Your flesh is very heat resistant. (rF++)
You are vulnerable to cold. (rC-)
You float through the air rather than walking.
You learn spells naturally, not from books.
Your magical power is your life essence.
You have superior vitality. (+4 MHP)


Message History

The scorpion is lightly wounded.
The scorpion barely misses you. The hobgoblin closely misses you.
You hit the scorpion.
The scorpion is moderately wounded.
The scorpion stings you.
* * * LOW HITPOINT WARNING * * *
The hobgoblin misses you. The scorpion stings you.
* * * LOW HITPOINT WARNING * * *
You barely miss the hobgoblin.
The scorpion seems less drained.
The hobgoblin hits you.
* * * LOW HITPOINT WARNING * * *
The scorpion stings you but does no damage.
You slash the hobgoblin!
You kill the hobgoblin!
The scorpion stings you but does no damage.
The scorpion barely misses you.
You hit the scorpion but do no damage.
The scorpion is moderately wounded.
The scorpion stings you but does no damage.
You closely miss the scorpion.
The scorpion is moderately wounded.
The scorpion stings you.
* * * LOW HITPOINT WARNING * * *
You closely miss the scorpion.
The scorpion is moderately wounded.
The scorpion barely misses you. x2
You hit the scorpion.
You punch the scorpion, but do no damage.
The scorpion is moderately wounded.
The scorpion barely misses you.
You barely miss the scorpion. You punch the scorpion.
The scorpion is heavily wounded.
The scorpion stings you.
* * * LOW HITPOINT WARNING * * *
The scorpion stings you.
* * * LOW HITPOINT WARNING * * *
You hit the scorpion.
The scorpion is severely wounded.
The scorpion stings you.
You die...

.... .......
#.......# #........
####### #.......#
.......##.......#
.......@s........
....)...†........
.................
.......##.......#
########+##.......#
...................
...................
.........##.......#
.......>..#########


You could see a scorpion.

Vanquished Creatures
  A lemure (D:4)
  2 hounds (D:4)
  3 iguanas
  3 adders
  A dart slug (D:4)
  2 orcs
  An endoplasm (D:4)
  A goblin (D:4)
  A hobgoblin (D:4)
15 creatures vanquished.

Notes
Turn   | Place    | Note
-------+----------+-------------------------------------------
     0 | D:5      | cforsyth the Djinni Delver began the quest for the Orb.
     0 | D:5      | Reached XP level 1. HP: 20/20 MP: 0/0
     8 | D:5      | Noticed an orc priest
    26 | D:4      | Reached XP level 2. HP: 20/25 MP: 0/0
   255 | D:4      | Reached skill level 1 in Spellcasting
   255 | D:4      | Reached skill level 1 in Conjurations
   255 | D:4      | Reached skill level 1 in Hexes
   255 | D:4      | Reached skill level 1 in Summonings
   255 | D:4      | Reached skill level 1 in Necromancy
   255 | D:4      | Reached skill level 1 in Translocations
   255 | D:4      | Reached skill level 1 in Transmutations
   255 | D:4      | Reached skill level 1 in Fire Magic
   255 | D:4      | Reached skill level 1 in Ice Magic
   255 | D:4      | Reached skill level 1 in Air Magic
   255 | D:4      | Reached skill level 1 in Earth Magic
   255 | D:4      | Reached skill level 1 in Poison Magic
   255 | D:4      | Reached XP level 3. HP: 20/31 MP: 0/0
   255 | D:4      | Learned a level 1 spell: Freeze
   419 | D:5      | HP: 1/31 [iguana (3)]
   422 | D:5      | Reached XP level 4. HP: 2/37 MP: 0/0
   632 | D:5      | Found an iron altar of Okawaru.
   696 | D:5      | Reached XP level 5. HP: 14/42 MP: 0/0
   696 | D:5      | Learned a level 2 spell: Jinxbite
   737 | D:5      | Noticed a lemure
   738 | D:5      | Noticed a lemure
   739 | D:5      | Noticed Pikel
   740 | D:5      | Noticed a lemure
   772 | D:4      | Killed a lemure
  1039 | D:5      | Noticed a lemure
  1078 | D:4      | HP: 1/42 [scorpion (3)]
  1079 | D:4      | Slain by a scorpion

Illustrated notes

Levels and vault maps discovered:
D:4:      layout_gridville
D:5:      layout_rooms, okawaru_trees_2, mainiacjoe_overflow_chevrons,
          mainiacjoe_overflow_24_doors, uniq_duvessa, uniq_pikel

Skill      XL: |  1  2  3  4 |
---------------+-------------+-----
Spellcasting   | 1 2 |  2.5
Conjurations   | 1 2 |  2.5
Hexes          | 1 2 |  2.5
Summonings     | 1 2 |  2.5
Necromancy     | 1 2 |  2.5
Translocations | 1 2 |  2.5
Transmutations | 1 2 |  2.5
Fire Magic     | 1 2 |  2.5
Ice Magic      | 1 2 |  2.5
Air Magic      | 1 2 |  2.5
Earth Magic    | 1 2 |  2.5
Poison Magic   | 1 2 |  2.5
Fighting       | 4 |  4.7
Long Blades    | |  1.7
Dodging        | |  2.1
Stealth        | |  4.1

Action                     |  1- 3 |  4- 6 || total
---------------------------+-------+-------++-------
  Melee: Falchion          |    26 |    57 ||    83
         Punch             |       |     2 ||     2
   Cast: Freeze            |     3 |     6 ||     9
         Jinxbite          |       |     2 ||     2
   Stab: Sleeping          |     1 |       ||     1
 Armour: Leather armour    |    18 |    43 ||    61
  Dodge: Dodged            |    19 |    40 ||    59

Table legend: (Time is in decaauts)
 A = Elapsed time spent in this place.
 B = Non-inter-level travel time spent in this place.
 C = Inter-level travel time spent in this place.
 D = Time resting spent in this place.
 E = Time spent auto-exploring this place.
 F = Levels seen in this place.
 G = Mean time per level.
                   A        B        C        D        E       F      G
               +--------+--------+--------+--------+--------+-----+--------+
         Total |   1100 |   1100 |      0 |    737 |    113 |   2 |  550.0 |
       Dungeon |   1100 |   1100 |      0 |    737 |    113 |   2 |  550.0 |
               +--------+--------+--------+--------+--------+-----+--------+

Top non-repeatable levels by time:
     D:4: 753 daAuts
     D:5: 346 daAuts
